 Dungeon Crawl Stone Soup version 0.28-a0-706-gf6f64a616a (webtiles) character file.

Game seed: 10133588995631132417

4 KoroneIsBestGirl the Chiller (level 1, 0/13 HPs)
             Began as a Barachi Ice Elementalist on Oct 24, 2021.
             Was a Follower of Nemelex Xobeh.
             Slain by a kobold (4 damage)
             ... on level 1 of the Dungeon.
             The game lasted 00:00:25 (99 turns).

KoroneIsBestGirl the Chiller (BaIE)                   Turns: 99, Time: 00:00:26

Health: 0/13       AC:  2    Str:  9    XL:     1   Next: 70%
Magic:  0/3        EV: 12    Int: 15    God:    Nemelex Xobeh [*.....]
Gold:   48         SH:  0    Dex: 12    Spells: 3/4 levels left

rFire   . . .      SeeInvis .   b - staff of conjuration
rCold   . . .      Faith    .   (no shield)
rNeg    . . .      Spirit   .   a - +0 robe
rPois   .          Reflect  .   (no helmet)
rElec   .          Harm     .   (no cloak)
rCorr   .          Rampage  .   (no gloves)
Will    .....                   (no boots)
Stlth   ++........              (no amulet)
HPRegen 0.04/turn               (no ring)
MPRegen 0.08/turn               (no ring)

@: slow
A: amphibious, slowness 1, strong legs 1, +LOS
a: Hop, Renounce Religion, Draw Escape, Draw Destruction, Draw Summoning


You were on level 1 of the Dungeon.
You worshipped Nemelex Xobeh.
Nemelex Xobeh was aware of your devotion.
You visited 1 branch of the dungeon, and saw 1 of its levels.

You collected 48 gold pieces.

Inventory:

Armour
 a - a +0 robe (worn)
Magical Staves
 b - a staff of conjuration (weapon)
Scrolls
 c - a scroll of blinking {unknown}
Potions
 d - a potion of curing {unknown}


   Skills:
 + Level 2.3 Dodging
 - Level 1.7 Stealth
 + Level 2.3 Spellcasting
 + Level 5.0 Ice Magic


You had 3 spell levels left.
You knew the following spells:

 Your Spells              Type           Power      Damage    Failure   Level
a - Freeze                Ice            64%        1d8       2%          1

Your spell library contained the following spells:

 Spells                   Type           Power      Damage    Failure   Level
 Frozen Ramparts          Ice            32%        1d5       9%          3
 Ozocubu's Armour         Ice            16%        N/A       9%          3
 Hailstorm                Conj/Ice       13%        3d5       58%         4


Dungeon Overview and Level Annotations

Branches:
Dungeon (1/15)

Altars:
Nemelex Xobeh


Innate Abilities, Weirdness & Mutations

You are amphibious.
You cover ground slowly.
You can hop short distances.
You have an extended range of vision and can be seen from far away.


Message History

The ball python barely misses you. The ball python closely misses you.
The ball python bites you. The ball python barely misses you.
You hit the ball python.
The ball python is moderately wounded.
The ball python closely misses you. The ball python misses you.
You freeze the ball python.
You kill the ball python!
You can't see any susceptible monsters within range! (Use Z to cast anyway.)
You can't see any susceptible monsters within range! (Use Z to cast anyway.)
You can't see any susceptible monsters within range! (Use Z to cast anyway.)
The endoplasm freezes you.
You are frozen.
The kobold hits you with a +0 whip. The endoplasm misses you.
You are too injured to fight recklessly!
You are too injured to fight recklessly!
You are too injured to fight recklessly!
You are too injured to fight recklessly!
Casting: Freeze (safe; 2% risk of failure)
Confirm with . or Enter, or press ? or * to list all spells.
Aiming: Freeze (safe; 2% risk of failure)
Press: ? - help, Shift-Dir - straight line, f - endoplasm
Aim: an endoplasm You freeze the endoplasm.
The endoplasm is moderately wounded.
The kobold hits you but does no damage. The endoplasm closely misses you.
Casting: Freeze (safe; 2% risk of failure)
Confirm with . or Enter, or press ? or * to list all spells.
Aiming: Freeze (safe; 2% risk of failure)
Press: ? - help, Shift-Dir - straight line, f/p - endoplasm
Aim: an endoplasm (moderately wounded)
You freeze the endoplasm.
You kill the endoplasm!
The kobold hits you with a +0 whip.
Your Ice Magic skill increases to level 5!
You closely miss the kobold. The kobold closely misses you.
You barely miss the kobold. The kobold closely misses you.
The kobold barely misses you.
You hit the kobold but do no damage. The kobold barely misses you.
You hit the kobold but do no damage. The kobold hits you with a +0 whip.
You die...
Your body disappears without a glow.

##### #...# #...######
#.....)... ..[(......
#......... #...... .
#.K.# ..###########@..#
................#####
.....................
.........###).###.###
............[.....##
...................#
#####............##
#......_###...#
#...........#.##########


You could see a kobold.

Vanquished Creatures
  A ball python (D:1)
  An endoplasm (D:1)
  A frilled lizard (D:1)
  2 rats (D:1)
5 creatures vanquished.

Notes
Turn   | Place    | Note
-------+----------+-------------------------------------------
     0 | D:1      | KoroneIsBestGirl the Barachi Ice Elementalist began the
                  | quest for the Orb.
     0 | D:1      | Reached XP level 1. HP: 13/13 MP: 3/3
    35 | D:1      | Found a faded altar of an unknown god.
    52 | D:1      | Prayed at the altar of an unknown god.
    52 | D:1      | Became a worshipper of Nemelex Xobeh the Trickster
    52 | D:1      | Reached * piety under Nemelex Xobeh
    96 | D:1      | Reached skill level 5 in Ice Magic
    99 | D:1      | Slain by a kobold

Illustrated notes

Levels and vault maps discovered:
D:1:      psy_arrival_whirlpool, layout_basic,
          hellmonk_ecumenical_altar_lost_god, roderic_lattice_a

Skill      XL: |  1 |
---------------+----+-----
Ice Magic      | 5 |  5.0
Dodging        | |  2.3
Stealth        | |  1.7
Spellcasting   | |  2.3

Action                   || total
-------------------------++-------
Melee: Staff             ||     7
 Cast: Freeze            ||     6
Armor: Robe              ||     2
Dodge: Dodged            ||    13

Table legend: (Time is in decaauts)
 A = Elapsed time spent in this place.
 B = Non-inter-level travel time spent in this place.
 C = Inter-level travel time spent in this place.
 D = Time resting spent in this place.
 E = Time spent auto-exploring this place.
 F = Levels seen in this place.
 G = Mean time per level.
                   A        B        C        D        E       F      G
               +--------+--------+--------+--------+--------+-----+--------+
         Total |    110 |    101 |      9 |      0 |     63 |   1 |  110.0 |
       Dungeon |    110 |    101 |      9 |      0 |     63 |   1 |  110.0 |
               +--------+--------+--------+--------+--------+-----+--------+

Top non-repeatable levels by time:
     D:1: 110 daAuts
